 Dungeon Crawl Stone Soup version 0.28-a0-1395-g4f6bc678fa (webtiles) character file.

Game seed: 8580244577716161993

490 Deminshera the Vexing (level 6, -2/37 HPs)
             Began as a Deep Elf Arcane Marksman on Jan 4, 2022.
             Was a Believer of Ashenzari.
             Killed by an exploding hound (36 damage)
             ... ignited by their inner flame
             ... on level 4 of the Dungeon.
             The game lasted 00:07:35 (7232 turns).

Deminshera the Vexing (Deep Elf Arcane Marksman)    Turns: 7232, Time: 00:07:35

Health: -2/37      AC:  2    Str:  7    XL:     6   Next: 90%
Magic:  11/14      EV: 13    Int: 20    God:    Ashenzari [**....]
Gold:   147        SH:  0    Dex: 15    Spells: 10/14 levels left

rFire   . . .      SeeInvis +   a - +0 shortbow "Share My Frustration" {Range, Melee} (curse)
rCold   . . .      Faith    .   (shield currently unavailable)
rNeg    . . .      Spirit   .   d - +0 robe of the Oracular Comet {Cun, Self} (curse)
rPois   .          Reflect  .   (no helmet)
rElec   .          Harm     .   (no cloak)
rCorr   .          Rampage  .   (no gloves)
Will    .....                   (no boots)
Stlth   +.........              (no amulet)
HPRegen 0.12/turn               p - ring "At What Cost Knowledge?" {Fly, Self, Elem} (curse)
MPRegen 0.14/turn               (no ring)

@: flying
A: no striking features
a: Renounce Religion, Shatter the Chains


You were on level 4 of the Dungeon.
You worshipped Ashenzari.
Ashenzari was pleased with you.
You visited 1 branch of the dungeon, and saw 4 of its levels.

You collected 147 gold pieces.

Inventory:

Hand Weapons
 a - the cursed +0 shortbow "Share My Frustration" (weapon) {Range, Melee}

   It has a curse which improves the following skills: Ranged Combat: Slings,
   Bows, Crossbows and Throwing.
   Melee Combat: Short Blades, Long Blades, Axes, Maces & Flails, Polearms,
   Staves and Unarmed Combat.
 b - a +1 short sword of electrocution
Missiles
 c - 49 arrows (quivered ammo)
Armour
 d - the cursed +0 robe of the Oracular Comet (worn) {Cun, Self}

   It has a curse which improves the following skills: Cunning: Dodging and
   Stealth.
   Introspection: Fighting and Spellcasting.
 h - a +1 ring mail of fire resistance
Jewellery
 p - the cursed ring "At What Cost Knowledge?" (left hand) {Fly, Self, Elem}
   (You found it on level 4 of the Dungeon)

   [ring of flight]

   Fly:       It grants you flight.
   It has a curse which improves the following skills: Introspection: Fighting
   and Spellcasting.
   Elements:  Fire Magic, Ice Magic, Air Magic and Earth Magic.
 q - a ring of see invisible
Wands
 r - a wand of paralysis (14)
Scrolls
 e - a scroll of enchant armour
 f - 3 scrolls of identify
 j - a scroll of fear
 k - a scroll of magic mapping
 n - 3 scrolls of immolation
 o - a scroll of summoning
Potions
 g - a potion of curing
 i - a potion of degeneration
 l - 2 potions of flight
 m - a potion of heal wounds


   Skills:
 - Level 1.9(3.3) Fighting
 - Level 6.0(7.2) Bows
 - Level 2.4(3.4) Dodging
 - Level 3.0(4.6) Spellcasting
 + Level 6.7 Hexes
 - Level 3.0(4.1) Fire Magic


You had 10 spell levels left.
You knew the following spells:

 Your Spells              Type           Power      Damage    Failure   Level
a - Slow                  Hex            100%       N/A       1%          1
b - Inner Flame           Hex/Fire       26%        N/A       3%          3

Your spell library contained the following spells:

 Spells                   Type           Power      Damage    Failure   Level
 Cause Fear               Hex            15%        N/A       8%          4
 Portal Projectile        Hex/Tloc       36%        N/A       9%          3
 Apportation              Tloc           8%         N/A       12%         1
 Beastly Appendage        Tmut           8%         N/A       12%         1
 Wereblood                Tmut           4%         N/A       19%         2
 Spider Form              Tmut/Pois      4%         N/A       36%         3
 Alistair's Intoxication  Tmut/Pois      2%         N/A       98%         5
 Discord                  Hex            15%        N/A       100%        8


Dungeon Overview and Level Annotations

Branches:
Dungeon (4/15)
 Temple: D:4-7

Altars:
Ashenzari
Uskayaw
Yredelemnul


Message History

Press: ? - help, Shift-Dir - straight line, f/p - hound
Aim: a hound (chance to affect: 72%)
The hound struggles to resist.
Casting: Slow (safe; 1% risk of failure)
Confirm with . or Enter, or press ? or * to list all spells.
Aiming: Slow (safe; 1% risk of failure)
Press: ? - help, Shift-Dir - straight line, f/p - hound
Aim: a hound (chance to affect: 72%)
The hound struggles to resist.
The hound bites you. The hound closely misses you. The hound bites you.
Casting: Slow (safe; 1% risk of failure)
Confirm with . or Enter, or press ? or * to list all spells.
Aiming: Slow (safe; 1% risk of failure)
Press: ? - help, Shift-Dir - straight line, f/p - hound
Aim: a hound (chance to affect: 72%)
The hound seems to slow down.
The hound bites you.
Casting: Slow (safe; 1% risk of failure)
Confirm with . or Enter, or press ? or * to list all spells.
Aiming: Inner Flame (dangerous; 3% risk of failure)
Press: ? - help, Dir - move target, f/p - hound
Aim: a hound (slow, chance to affect: 86%)
The hound is filled with an inner flame.
The hound bites you.
There is an escape hatch in the ceiling here.
Fire: 51 arrows
Press: ? - help, Q - select action, (/) - cycle Shift-Dir - straight line, f/p - hound
Aim: a hound (inner flame, slow, 53% to hit)
You shoot an arrow. The arrow hits the hound.
Flame seeps out of the hound.
The hound is lightly wounded.
The hound is engulfed in blazing flames.
Flame seeps out of the hound.
The hound barely misses you.
Fire: 50 arrows
Press: ? - help, Q - select action, (/) - cycle Shift-Dir - straight line, f/p - hound
Aim: a hound (flame, severely wounded, inner flame, slow, 53% to hit)
You shoot an arrow. The arrow hits the hound!
The hound explodes!
The fiery explosion engulfs you!!!
Ouch! That really hurt!
You die...

.....# #.....##### #..# #.#.#.
.<...# #.....# ##.# #.#.#. .....#
#.....# #.###.#.#. .....#
#.....#########..##.#.#.
.....#####.....#...............#.
.....##........#.#######..##.#.#.
.....##........#.# #...#.####
.....##.....)..#.# #.#.#.....
.....########'##@# #.#.######
#+#.## #.##○# #.#.##
#.#########.##§# #.#..#
#...........##.# #..#.#
,#######....###.# ##.#.# * *
..........#<########...### *
#########.#..............# # * ,
,, ,#.#............†.# # * * * ,
#.#..............###


There were no monsters in sight!

Vanquished Creatures
  Sigmund (D:3)
  An ogre (D:4)
  A hound (D:4)
  An iguana (D:4)
  Natasha (thrice) (D:2)
  Terence (D:3)
  2 adders (D:2)
  A worm (D:1)
  A dart slug (D:1)
  4 orcs (D:4)
  9 ball pythons
  7 endoplasms
  5 giant cockroaches
  10 goblins
  7 hobgoblins
  14 jackals
  6 quokkas
  4 bats
  4 frilled lizards
  3 kobolds
  4 rats
89 creatures vanquished.

Vanquished Creatures (others)
  A fungus (D:1)
1 creature vanquished.

Grand Total: 90 creatures vanquished

Notes
Turn   | Place    | Note
-------+----------+-------------------------------------------
     0 | D:1      | Deminshera the Deep Elf Arcane Marksman began the quest for
                  | the Orb.
     0 | D:1      | Reached XP level 1. HP: 11/11 MP: 5/5
    78 | D:1      | Reached XP level 2. HP: 3/16 MP: 7/7
   707 | D:1      | Found a faded altar of an unknown god.
  1079 | D:1      | Reached XP level 3. HP: 20/20 MP: 8/8
  1208 | D:1      | Learned a level 3 spell: Inner Flame
  2602 | D:2      | Reached skill level 1 in Fire Magic
  2602 | D:2      | Reached XP level 4. HP: 9/24 MP: 8/10
  3121 | D:2      | Reached skill level 5 in Hexes
  3279 | D:2      | Noticed Natasha
  3285 | D:2      | Killed Natasha
  3766 | D:2      | Found a broken altar of Ashenzari.
  3772 | D:2      | Became a worshipper of Ashenzari the Shackled
  3857 | D:2      | Noticed Natasha
  3871 | D:2      | Killed Natasha
  3872 | D:2      | Reached XP level 5. HP: 5/28 MP: 6/11
  4166 | D:2      | Noticed Natasha
  4170 | D:2      | Killed Natasha
  4773 | D:3      | Noticed Terence
  4786 | D:3      | Killed Terence
  5268 | D:3      | Noticed Sigmund
  5278 | D:3      | Killed Sigmund
  5279 | D:3      | Reached skill level 1 in Fighting
  5279 | D:3      | Reached XP level 6. HP: 20/34 MP: 8/12
  5748 | D:3      | Reached * piety under Ashenzari
  5970 | D:4      | Reached ** piety under Ashenzari
  6228 | D:4      | Found a broken altar of Ashenzari.
  6236 | D:4      | Found a basalt altar of Yredelemnul.
  6704 | D:4      | Noticed a +0 dagger
  6704 | D:4      | Noticed a +0 falchion
  6704 | D:4      | Noticed a +0 falchion
  6704 | D:4      | Noticed a +0 short sword
  6706 | D:4      | Noticed a +0 dagger
  6706 | D:4      | Noticed a +0 short sword
  6716 | D:4      | Found a hide-covered altar of Uskayaw.
  6718 | D:4      | Noticed a +0 spear
  6719 | D:4      | Noticed a +0 spear
  7232 | D:4      | Killed by an exploding hound... ignited by their inner
                  | flame

Illustrated notes

Levels and vault maps discovered:
D:1:      dpeg_arrival_brainrot, layout_loops_ring,
          dreamdust_ecumenical_altar_hidden_monk_grotto
D:2:      layout_loops_ring, basic_altar, minmay_tiny_reverse_x, uniq_natasha
D:3:      layout_loops_cross, chequers_serial_rivers_small_b,
          minmay_misc_feat_tiny, minmay_misc_feat_enclosed, minivault_23,
          kennysheep_generic_room_10, uniq_sigmund, uniq_jessica, uniq_terence
D:4:      layout_basic, nicolae_uskayaw_en_pointe, minitemple, uniq_eustachio

Skill      XL: |  1  2  3  4  5 |
---------------+----------------+-----
Bows           | 3 4 6 |  6.0
Spellcasting   | 2 3 |  3.0
Fire Magic     | 1 3 |  3.0
Hexes          | 5 6 |  6.7
Fighting       | 1 |  1.9
Dodging        | |  2.4

Action                   |  1- 3 |  4- 6 || total
-------------------------+-------+-------++-------
Melee: Dagger            |     6 |       ||     6
       Short sword       |    15 |       ||    15
 Fire: Shortbow          |   150 |   153 ||   303
 Cast: Slow              |     8 |    11 ||    19
       Inner Flame       |     1 |     8 ||     9
Invok: Curse Item        |       |     3 ||     3
 Stab: Sleeping          |     1 |       ||     1
Armor: Robe              |    14 |     6 ||    20
Dodge: Dodged            |    63 |    24 ||    87

Table legend: (Time is in decaauts)
 A = Elapsed time spent in this place.
 B = Non-inter-level travel time spent in this place.
 C = Inter-level travel time spent in this place.
 D = Time resting spent in this place.
 E = Time spent auto-exploring this place.
 F = Levels seen in this place.
 G = Mean time per level.
                   A        B        C        D        E       F      G
               +--------+--------+--------+--------+--------+-----+--------+
         Total |   7259 |   7209 |     50 |   3752 |   2628 |   4 | 1814.8 |
       Dungeon |   7259 |   7209 |     50 |   3752 |   2628 |   4 | 1814.8 |
               +--------+--------+--------+--------+--------+-----+--------+

Top non-repeatable levels by time:
     D:2: 3045 daAuts
     D:1: 1623 daAuts
     D:3: 1319 daAuts
     D:4: 1271 daAuts
